Map: Dusk Towers

Players

lycan

  • Race: Terran Terran
  • League: Diamond

LilDicky - Winner!

  • Race: Terran Terran
  • League: Diamond

VOD

http://www.twitch.tv/tumescentpie

Description

Time

  • Played on: Dec. 1, 2015, 4:45 p.m.
  • Length: 10:06
Show
View Real Time Build Order
Export as new Build Order

lycan Terran 

Build Orders: MMM Bio 

Get SALT Encoding   

  12  0:01  SCV  
  13  0:13  SCV  
  14  0:18  Supply Depot  
  14  0:25  SCV  
  15  0:40  SCV  
  15  0:41  Barracks  
  16  0:52  SCV  
  17  1:04  SCV  
  17  1:05  Barracks  
  17  1:07  Refinery  
  18  1:16  SCV  
  19  1:28  SCV  
  20  1:41  Orbital Command  
  20  1:44  Barracks Tech Lab  
  20  1:45  Supply Depot  
  20  1:49  Refinery  
  20  1:53  Barracks Tech Lab  
  20  2:03  Marauder  
  20  2:06  SCV  
  23  2:17  Barracks  
  23  2:19  Marauder  
  25  2:23  Concussive Shells  
  25  2:28  Marauder  
  27  2:42  Marauder  
  29  2:49  Marauder  
  31  3:07  Marauder  
  31  3:17  SCV  
  30  3:29  SCV  
  30  3:32  Factory  
  31  3:47  Marauder  
  31  3:50  Marauder  
  31  4:04  Barracks Tech Lab  
  31  4:09  Command Center  
  31  4:11  Supply Depot  
  31  4:32  Marauder  
  31  4:33  SCV, Marauder x2  
  34  4:46  SCV, Starport  
  35  4:55  Marauder  
  35  4:58  SCV  
  35  4:59  Factory Tech Lab  
  38  5:08  Combat Shields  
  38  5:09  Supply Depot, Stimpack  
  38  5:10  SCV  
  38  5:13  Barracks  
  39  5:22  SCV, Marine  
  39  5:26  Marine  
  40  5:34  SCV  
  40  5:42  Starport Tech Lab  
  38  5:44  Orbital Command  
  36  5:59  Siege Tank  
  36  6:01  Banshee  
  36  6:02  Cloaking Field  
  42  6:05  SCV  
  43  6:13  SCV, Engineering Bay  
  43  6:17  SCV  
  45  6:24  Marine x3  
  45  6:25  SCV  
  49  6:29  SCV  
  50  6:38  Siege Tank  
  53  6:42  Marine x3  
  56  6:51  Refinery  
  56  6:53  Refinery  
  56  6:54  Banshee  
  56  7:00  Marauder, Marine  
  62  7:01  Missile Turret  
  62  7:05  Missile Turret  
  62  7:08  Marine  
  62  7:12  Supply Depot  
  59  7:17  Marine  
  39  7:48  SCV x2  
  39  7:50  Viking  
  39  7:51  Siege Tank  
  40  8:00  SCV  
  41  8:06  Barracks  
  41  8:11  Missile Turret  
  31  8:45  Viking  
  32  8:48  SCV x2  
  34  9:00  SCV  
  34  9:01  SCV  
  30  9:05  Hellion  
  32  9:12  SCV  
  32  9:13  SCV  
  32  9:14  Missile Turret  
  30  9:27  SCV  
  31  9:33  Starport Tech Lab  
  31  9:34  Starport Reactor  
  31  9:35  Factory Tech Lab  
  31  9:39  SCV  
  30  9:46  Marine x2  
  32  10:00  Starport, Barracks  
Show
View Real Time Build Order
Export as new Build Order

LilDicky Terran - Winner!

Build Orders:  

Get SALT Encoding   

  12  0:02  SCV  
  13  0:14  SCV  
  14  0:19  Supply Depot  
  14  0:26  SCV  
  15  0:30  Refinery  
  15  0:41  SCV  
  16  0:49  Barracks  
  16  0:53  SCV  
  17  1:05  SCV  
  18  1:17  SCV  
  19  1:35  Orbital Command  
  19  1:37  Reaper  
  19  1:39  Supply Depot  
  20  1:42  Refinery  
  20  2:05  SCV  
  20  2:07  Barracks  
  20  2:08  Barracks  
  21  2:09  Reaper  
  21  2:15  Bunker  
  22  2:17  SCV  
  22  2:31  SCV  
  23  2:41  Supply Depot, Reaper  
  24  2:45  Factory  
  23  3:00  Reaper x2  
  25  3:13  Reaper  
  23  3:32  Reaper x2  
  25  3:40  Factory Tech Lab  
  25  3:45  Marine  
  25  3:58  Supply Depot  
  25  3:59  Siege Tank  
  25  4:00  SCV  
  25  4:02  Supply Depot  
  29  4:03  Marine  
  29  4:04  Reaper  
  31  4:15  SCV  
  30  4:27  Starport  
  26  4:41  SCV  
  27  4:57  Siege Tank  
  27  4:58  SCV  
  34  5:05  Command Center  
  31  5:10  Starport Tech Lab  
  31  5:13  Marine  
  31  5:52  Banshee, Cloaking Field  
  31  5:54  Siege Tank  
  31  5:56  Marine x3  
  37  6:00  SCV  
  38  6:14  Marine x2  
  38  6:15  SCV  
  41  6:20  Orbital Command  
  41  6:25  Command Center  
  41  6:31  SCV  
  42  6:34  Marine  
  42  6:39  Banshee  
  46  6:45  Siege Tank  
  49  6:47  SCV  
  49  6:48  SCV  
  51  6:58  Refinery  
  51  7:00  SCV x2  
  53  7:02  Marine  
  53  7:03  Marine x2  
  56  7:12  SCV  
  56  7:13  Engineering Bay  
  43  7:47  Missile Turret, Marine x3  
  43  7:48  Orbital Command  
  46  7:52  Viking  
  46  7:57  Missile Turret  
  44  8:05  Marine  
  41  8:09  Marine x2  
  41  8:10  SCV x2  
  42  8:22  SCV, Marine  
  38  8:27  Marine x2  
  40  8:34  Siege Tank  
  40  8:40  Marine  
  44  8:44  Marine  
  44  8:45  Marine  
  45  8:53  Missile Turret  
  45  8:58  Marine  
  45  9:02  Marine  
  45  9:03  Marine  
  45  9:16  Marine  
  46  9:20  Marine x2  
  46  9:32  Siege Tank  
  46  9:34  Marine  
  46  9:36  Orbital Command  
  46  9:38  Marine x2  
  50  9:41  SCV x2  
  55  9:53  SCV x2  
  55  9:54  Refinery  
Tags
 
Add a new tag
Caveats
  • Supply blocks, unpowered buildings, or Contaminate may cause inaccurate times.
  • Supply counts are checked every 10 seconds.